AoeStats
← tarepo

Black Forest

504194636Analyzed
4v4 RM · 27d ago on Sep 4, 2026· 67m 20s· 8 players
Game mode
Random Map
Map size
Large (8 player)
Population
200
Speed
Normal
Resources
Standard
Victory
Conquest
Starting age
Dark Age
Ending age
Imperial Age
RankedLock teamsTeams togetherTeam positionsShared explorationLock speedFull tech treeHidden civsTurbo modeCheats
Victory
Defeat
🇳🇿 Turks · New Zealand
727
+11
722
+11
🇹🇼 Slavs · Taiwan
713
+12
🇹🇼 Chinese · Taiwan
712
+12
🇳🇿 Britons · New Zealand
710
-15
🇦🇺 Persians · Australia
693
-14
🇫🇷 Khmer · France
553
-9
🇨🇭 Spanish · Switzerland
528
-8
Bulldog
0:32 Loom
tarepo
1:11 Loom
15:21 Feudal Age
19:08 Castle Age
18:03 Double-Bit Axe
18:00 Horse Collar
18:14 Gold Mining
18:36 Stone Mining
20:29 Bow Saw
25:58 Town Watch
30:29 Wheelbarrow
32:03 Hand Cart
31:51 Town Patrol
33:11 Stone Shaft Mining
32:46 Scale Barding Armor
34:05 Chain Barding Armor
35:05 Fortified Wall
35:05 Masonry
36:06 Heavy Plow
39:18 Imperial Age
37:29 Husbandry
37:39 Bloodlines
37:45 Forging
40:23 Caravan
42:55 Two-Man Saw
42:01 Cavalier
43:40 Conscription
42:42 Elite Conquistador
44:30 Chemistry
44:00 Architecture
43:27 Murder Holes
43:41 Paladin
45:15 Plate Barding Armor
45:16 Iron Casting
44:42 Padded Archer Armor
46:25 Squires
48:48 Onager
59:08 Gambesons
58:44 Man-at-Arms
59:49 Long Swordsman
Poremmie
4:17 Loom
17:28 Feudal Age
20:07 Double-Bit Axe
23:44 Stone Mining
26:12 Castle Age
24:05 Fletching
25:43 Horse Collar
32:28 Town Watch
33:40 Fortified Wall
33:12 Treadmill Crane
34:21 Gold Mining
35:50 Ballistics
36:38 Heavy Plow
40:33 Wheelbarrow
45:18 Hand Cart
45:16 Bodkin Arrow
48:04 Imperial Age
46:18 Caravan
46:53 Forging
46:44 Padded Archer Armor
47:13 Scale Mail Armor
48:54 Gold Shaft Mining
49:07 Iron Casting
48:52 Leather Archer Armor
49:17 Iron Casting
49:54 Conscription
51:24 Yeomen
53:07 Bow Saw
54:18 Blast Furnace
53:18 Bracer
53:49 Ring Archer Armor
55:49 Two-Man Saw
55:10 Chain Mail Armor
54:59 Town Patrol
59:41 Yeomen
59:20 Elite Longbowman
62:20 Elite Skirmisher
63:57 Masonry
Vatekushé420_ૐ
12:20 Feudal Age
13:45 Wheelbarrow
13:39 Double-Bit Axe
18:04 Stone Mining
25:56 Castle Age
25:48 Horse Collar
29:09 Hand Cart
31:00 Bow Saw
34:46 Fervor
36:12 Heavy Plow
37:43 Gold Mining
39:10 Ballistics
41:36 Caravan
45:47 Imperial Age
43:06 Town Watch
47:30 Husbandry
47:41 Bloodlines
46:52 Elite Battle Elephant
48:07 Conscription
47:49 Double Crossbow
47:53 Light Cavalry
52:18 Siege Engineers
53:14 Chemistry
52:22 Siege Engineers
52:20 Hussar
55:57 Heavy Scorpion
I QUIT FOR THE SICK MAP
0:28 Loom
helllothere
0:28 Loom
17:16 Feudal Age
17:45 Fishing Lines
17:31 Man-at-Arms
18:11 Arson
18:53 Double-Bit Axe
18:57 Horse Collar
25:42 Castle Age
23:40 Stone Mining
26:06 Long Swordsman
27:28 Gold Mining
28:04 Bow Saw
28:21 Heavy Plow
30:15 Gold Shaft Mining
29:42 Gillnets
33:25 Wheelbarrow
32:38 Treadmill Crane
32:54 Murder Holes
38:13 Imperial Age
36:29 Hand Cart
36:57 Fortified Wall
39:34 Bombard Tower
39:29 Clinker Construction
40:29 Two-Man Saw
39:29 Town Watch
40:13 Conscription
40:10 Artillery
41:32 Town Patrol
43:45 Elite Janissary
49:24 Masonry
49:37 Carvel Hull
要你命3000
0:49 Loom
13:01 Feudal Age
15:06 Wheelbarrow
14:22 Double-Bit Axe
21:56 Gold Mining
21:51 Horse Collar
25:10 Castle Age
25:00 Stone Mining
26:17 Hand Cart
26:16 Bow Saw
26:10 Heavy Plow
26:45 Coinage
26:15 Caravan
26:03 Fishing Lines
28:06 Forging
27:57 Padded Archer Armor
27:48 Fletching
30:39 Thumb Ring
29:55 Elite Skirmisher
29:56 Crossbowman
29:59 Pikeman
30:40 Squires
31:16 Caravan
32:49 Gillnets
36:34 Gold Shaft Mining
36:44 Stone Shaft Mining
40:13 Imperial Age
38:35 Fortified Wall
38:36 Masonry
38:22 Murder Holes
40:04 Iron Casting
39:29 Scale Mail Armor
39:35 Scale Barding Armor
39:45 Leather Archer Armor
39:26 Bodkin Arrow
41:38 Banking
41:47 Elite Chu Ko Nu
42:30 Great Wall
43:01 Conscription
42:10 Halberdier
42:48 Town Watch
45:21 Town Patrol
47:14 Bracer
47:45 Ring Archer Armor
47:49 Ballistics
48:29 Chemistry
48:03 Architecture
47:35 Arbalester
51:18 Two-Man Saw
50:47 Bombard Tower
50:51 Chain Barding Armor
50:47 Chain Mail Armor
51:32 Blast Furnace
51:45 Rocketry
50:54 Heavy Rocket Cart
64:40 Elite Fire Lancer
65:08 Arson
聖玫風雲
1:45 Loom
12:28 Feudal Age
13:27 Double-Bit Axe
13:22 Horse Collar
17:51 Wheelbarrow
24:46 Castle Age
24:10 Gold Mining
24:54 Stone Mining
24:56 Fishing Lines
26:53 Bow Saw
26:46 Heavy Plow
27:24 Gillnets
31:17 Hand Cart
31:45 Caravan
32:15 Coinage
33:56 Squires
33:16 Pikeman
33:16 Man-at-Arms
38:47 Imperial Age
37:51 Gold Shaft Mining
37:32 Masonry
37:34 Fortified Wall
37:45 Ballistics
37:20 Murder Holes
37:15 Elite Skirmisher
37:21 Long Swordsman
38:13 Bloodlines
38:03 Husbandry
38:17 Scale Barding Armor
38:12 Scale Mail Armor
38:18 Padded Archer Armor
38:08 Fletching
38:43 Detinets
39:55 Conscription
39:08 Halberdier
39:08 Two-Handed Swordsman
39:14 Light Cavalry
40:54 Chain Barding Armor
40:49 Leather Archer Armor
40:24 Fletching
40:46 Forging
42:24 Chemistry
42:39 Hoardings
42:21 Champion
44:34 Crop Rotation
43:54 Hussar
47:46 Banking
48:37 Elite Boyar
49:19 Druzhina
49:35 Capped Ram
50:50 Ring Archer Armor
50:15 Bodkin Arrow
50:56 Iron Casting
50:36 Chain Mail Armor
51:10 Plate Barding Armor
51:52 Heavy Cavalry Archer
56:42 Plate Mail Armor
57:12 Blast Furnace
Connection lost

Rejoining the realm…

Still unreachable

The connection could not be restored.

Session expired

The server has moved on; the page needs a fresh start.